 Dungeon Crawl Stone Soup version 0.30.1-6-gbe392663c4 (webtiles) character file.

Game seed: 6375397954208205930

1761 H0rd4k the Charlatan (level 9, 0/67 HPs)
             Began as a Human Artificer on Sept 20, 2023.
             Succumbed to a water moccasin's poison
             ... on level 7 of the Dungeon.
             The game lasted 00:12:08 (8271 turns).

H0rd4k the Charlatan (Human Artificer)              Turns: 8271, Time: 00:12:09

Health: 0/67       AC:  4    Str: 12    XL:     9   Next: 27%
Magic:  9/9        EV: 13    Int: 22    God:
Gold:   358        SH:  0    Dex: 14    Spells: 8/8 levels left

rFire   . . .        k - +0 short sword (drain)
rCold   . . .        (no shield)
rNeg    . . .        b - +0 leather armour
rPois   .            (no helmet)
rElec   .            p - +0 cloak
rCorr   .            (no gloves)
SInv    .            (no boots)
Will    .....        (no amulet)
Stlth   +            u - +6 ring of intelligence
HPRegen 0.31/turn    (no ring)
MPRegen 0.11/turn

%: no passive effects
@: lethally poisoned (0 -> -5), studying Fighting
A: no striking features
a: no special abilities


You were on level 7 of the Dungeon.
You visited 2 branches of the dungeon, and saw 8 of its levels.

You collected 358 gold pieces.

Inventory:

Hand Weapons
 a - a +0 club
 k - a +0 short sword of draining (weapon)
 x - a +1 dagger of holy wrath
Missiles
 r - a throwing net
 C - 3 poisoned darts
 D - a curare-tipped dart
Armour
 b - a +0 leather armour (worn)
 p - a +0 cloak (worn)
Magical Staves
 l - a staff of fire
Jewellery
 u - a +6 ring of intelligence (left hand)
 v - a ring of willpower
 w - an amulet of reflection
 E - an amulet of the acrobat
 F - a +4 ring of protection
Wands
 z - a wand of flame (27)
 A - a wand of digging (6)
 B - a wand of roots (11)
Scrolls
 e - a scroll of brand weapon {unknown}
 g - 3 scrolls of blinking
 i - 2 scrolls of vulnerability {unknown}
 j - a scroll of fear {unknown}
 m - 2 scrolls of enchant armour {unknown}
 n - 3 scrolls of immolation {unknown}
 o - 2 scrolls of teleportation {unknown}
 q - 4 scrolls of identify {unknown}
 t - 2 scrolls of amnesia {unknown}
 y - 2 scrolls of magic mapping {unknown}
Potions
 c - a potion of lignification
 d - 2 potions of brilliance
 f - 3 potions of magic
 h - a potion of heal wounds
 s - a potion of cancellation
 G - a potion of curing {unknown}


   Skills:
 + Level 4.8 Fighting
 * Level 5.0 Short Blades
 - Level 4.4 Maces & Flails
 - Level 2.0 Armour
 + Level 5.6 Dodging
 - Level 1.0 Stealth
 + Level 5.7 Evocations


You had 8 spell levels left.
You didn't know any spells.
Your spell library contained the following spells:

 Spells                   Type           Power      Damage    Failure   Level
 Apportation              Tloc           0%         N/A       22%         1
 Slow                     Hex            0%         N/A       22%         1
 Lesser Beckoning         Tloc           0%         N/A       32%         2
 Confusing Touch          Hex            0%         N/A       54%         3
 Dazzling Flash           Conj/Hex       0%         N/A       54%         3
 Gell's Gravitas          Tloc           0%         N/A       54%         3
 Teleport Other           Tloc           0%         N/A       54%         3
 Vampiric Draining        Necr           0%         2d6       54%         3
 Petrify                  Tmut/Erth      0%         N/A       91%         4
 Agony                    Necr           0%         N/A       99%         5
 Alistair's Intoxication  Tmut/Pois      0%         N/A       99%         5
 Metabolic Englaciation   Hex/Ice        0%         N/A       99%         5
 Silence                  Hex/Air        0%         N/A       99%         5
 Statue Form              Tmut/Erth      0%         N/A       100%        6


Dungeon Overview and Level Annotations

Branches:
Dungeon (7/15)             Temple (1/1) D:4

Altars:
Ashenzari
Cheibriados
Dithmenos
Elyvilon
Fedhas
Hepliaklqana
Nemelex Xobeh
Okawaru
Qazlal
Ru
Sif Muna
Trog
Uskayaw
Vehumet
Wu Jian
Xom
Yredelemnul
Zin

Annotations:
D:4 exclusion: downstairs
D:5 exclusion: downstairs
D:7 exclusion: upstairs


Message History

You hit the water moccasin but do no damage.
You drain the water moccasin.
The water moccasin is almost dead.
* * * LOW HITPOINT WARNING * * *
You feel sick.
The water moccasin bites you but does no damage.
You barely miss the water moccasin.
The water moccasin is almost dead.
* * * LOW HITPOINT WARNING * * *
You feel sick.
The water moccasin completely misses you.
You hit the water moccasin.
The water moccasin is almost dead.
* * * LOW HITPOINT WARNING * * *
You feel sick. The water moccasin misses you.
You barely miss the water moccasin.
The water moccasin is almost dead.
* * * LOW HITPOINT WARNING * * *
You feel sick. The water moccasin misses you.
You hit the water moccasin but do no damage.
The water moccasin is almost dead.
* * * LOW HITPOINT WARNING * * *
You feel sick. The water moccasin closely misses you.
The water moccasin bites you.
* * * LOW HITPOINT WARNING * * *
You are more poisoned.
The water moccasin poisons you!
You hit the water moccasin but do no damage.
The water moccasin is almost dead.
* * * LOW HITPOINT WARNING * * *
You feel sick.
The water moccasin bites you but does no damage.
You barely miss the water moccasin.
The water moccasin is almost dead.
* * * LOW HITPOINT WARNING * * *
You feel sick. The water moccasin bites you.
* * * LOW HITPOINT WARNING * * *
You closely miss the water moccasin.
The water moccasin is almost dead.
You die...

#...###.# ##.##
#^# #.# .. #.# # #
##'## #. #...##
.### .....## ###
..# ......##
##.###S#
.......####...##@#
.......'.......#.#
.......####...##.#
......## ##.###.#
.)...## #####.###
#...## #.......#
##'## ##.###.#.#
##.#####
#......#.#
.......#
#..#####.#


You could see a water moccasin (very drained).

Vanquished Creatures
  Grinder (D:6)
  Sigmund (D:3)
  A sky beast (D:7)
  2 ogres
  A kobold brigand (D:7)
  3 bullfrogs
  2 scorpions (D:6)
  2 howler monkeys
  A jelly (D:7)
  A hound (D:3)
  2 orc priests
  2 sleepcaps
  Jessica (D:3)
  An iguana (D:5)
  5 orc wizards
  3 gnolls (D:6)
  7 adders
  2 shadow imps (D:6)
  2 worms (D:3)
  9 dart slugs
  10 orcs
  2 bats
  5 endoplasms
  4 giant cockroaches
  13 goblins
  5 hobgoblins
  A quokka (D:2)
  A ball python (D:1)
  A frilled lizard (D:1)
  8 kobolds
  4 rats
103 creatures vanquished.

Vanquished Creatures (collateral kills)
  A scorpion (D:4)
  A jelly (D:4)
  A hound (D:4)
  An adder (D:4)
  2 orcs (D:4)
  An endoplasm (D:4)
  A hobgoblin (D:4)
  2 jackals (D:4)
  A quokka (D:4)
11 creatures vanquished.

Vanquished Creatures (others)
  A scorpion (D:4)
  A jelly (D:4)
  2 orc priests (D:4)
  2 orc wizards (D:7)
  A dart slug (D:6)
  An orc (D:3)
  A jackal (D:4)
9 creatures vanquished.

Grand Total: 123 creatures vanquished

Notes
Turn   | Place    | Note
-------+----------+-------------------------------------------
     0 | D:1      | H0rd4k the Human Artificer began the quest for the Orb.
     0 | D:1      | Reached XP level 1. HP: 15/15 MP: 1/1
   129 | D:1      | Reached XP level 2. HP: 21/21 MP: 2/2
   725 | D:2      | Reached XP level 3. HP: 24/26 MP: 3/3
  1089 | D:2      | Reached skill level 1 in Maces & Flails
  1350 | D:2      | Reached XP level 4. HP: 32/32 MP: 4/4
  1739 | D:3      | Reached XP level 5. HP: 13/37 MP: 5/5
  1905 | D:3      | Noticed Sigmund
  1908 | D:3      | Killed Sigmund
  1909 | D:3      | Reached skill level 5 in Evocations
  1909 | D:3      | Reached XP level 6. HP: 26/44 MP: 6/6
  1919 | D:3      | Noticed Jessica
  1927 | D:3      | Killed Jessica
  2710 | D:3      | You fall into a shaft and drop 2 floors!
  2710 | D:5      | Entered Level 5 of the Dungeon
  2730 | D:5      | Noticed an ogre
  2920 | D:5      | Found a shimmering altar of Xom.
  2920 | D:5      | Found a radiant altar of Vehumet.
  3148 | D:4      | Reached XP level 7. HP: 50/50 MP: 7/7
  3416 | D:4      | Found a glowing silver altar of Zin.
  4041 | D:4      | Found a staircase to the Ecumenical Temple.
  4051 | Temple   | Entered the Ecumenical Temple
  4751 | D:5      | Found a shadowy altar of Dithmenos.
  5143 | D:5      | Reached XP level 8. HP: 16/58 MP: 8/8
  5649 | D:6      | Noticed Grinder
  5649 | D:6      | Paralysed by Grinder for 2 turns
  5660 | D:6      | Paralysed by Grinder for 4 turns
  6449 | D:6      | Reached skill level 1 in Short Blades
  6492 | D:6      | Paralysed by Grinder for 4 turns
  6533 | D:6      | Killed Grinder
  7006 | D:7      | Reached skill level 5 in Dodging
  7006 | D:7      | Reached XP level 9. HP: 65/66 MP: 9/9
  8012 | D:7      | Reached skill level 5 in Short Blades
  8083 | D:7      | Found a blossoming altar of Fedhas.
  8083 | D:7      | Found a white marble altar of Elyvilon.
  8269 | D:7      | HP: 3/67 [poisoned by a water moccasin]
  8270 | D:7      | HP: 1/67 [water moccasin (1)]
  8271 | D:7      | Succumbed to a water moccasin's poison

Illustrated notes

Levels and vault maps discovered:
D:1:      onia_arrival_mini_spirals, layout_loops_ring
D:2:      layout_basic, nicolae_half_adder
D:3:      layout_loops_cross, uniq_jessica, uniq_sigmund, uniq_pargi
D:4:      kennysheep_the_goblin_king, layout_rooms, kennysheep_little_box,
          temple_hall, kennysheep_diamond, chequers_serial_rivers_micro_d,
          serial_bayou_pond_a
D:5:      layout_rooms, chequers_temple_overflow_statue_of_worship,
          nicolae_dithmenos_the_darkroom, minmay_stone_trees_large
D:6:      kennysheep_slugbush, layout_basic, uniq_grinder
D:7:      layout_loops_corners, nicolae_overflow_two_pavilions,
          minmay_a_box_with_orc_wizards_in_it
Temple:   minmay_temple_forest_path

Skill      XL: |  1  2  3  4  5  6  7  8  9 |
---------------+----------------------------+-----
Maces & Flails | 1 2 3 4 |  4.4
Evocations     | 4 5 |  5.7
Fighting       | 2 3 4 |  4.8
Dodging        | 2 3 5 |  5.6
Short Blades   | 3 5 |  5.0
Armour         | |  2.0
Stealth        | |  1.0

Action                     |  1- 3 |  4- 6 |  7- 9 || total
---------------------------+-------+-------+-------++-------
  Melee: Club              |    95 |   146 |   211 ||   452
         Punch             |     2 |     2 |    10 ||    14
         Short sword       |       |       |   256 ||   256
  Evoke: Wand              |     1 |    21 |    13 ||    35
    Use: Potion            |       |       |    10 ||    10
         Scroll            |       |       |     2 ||     2
   Stab: Distracted        |     1 |       |       ||     1
         Sleeping          |       |     1 |       ||     1
 Armour: Leather armour    |    33 |    42 |    82 ||   157
         Skin              |       |       |    18 ||    18
  Dodge: Dodged            |    60 |   105 |   264 ||   429
